 Dungeon Crawl Stone Soup version 0.21-a0-531-gacddea6 (webtiles) character file.

46 slep the Chopper (level 3, 0/18 HPs)
             Began as a Vine Stalker Gladiator on Dec 13, 2017.
             Succumbed to an adder's poison
             ... on level 3 of the Dungeon.
             The game lasted 00:03:57 (894 turns).

slep the Chopper (Vine Stalker Gladiator)            Turns: 894, Time: 00:03:57

Health: 0/18       AC:  4    Str: 17    XL:     3   Next: 68%
Magic:  0/4        EV: 13    Int:  8    God:
Gold:   85         SH:  0    Dex: 15    Spells: 2/2 levels left

rFire    + . .     SeeInvis .   a - +0 war axe
rCold    . . .     Gourm    .   (no shield)
rNeg     . . .     Faith    .   o - +0 leather armour {rF+}
rPois    .         Spirit   +   c - +0 helmet
rElec    .         Reflect  .   (no cloak)
rCorr    .         Harm     .   (no gloves)
MR       .....                  (no boots)
Stlth    ++........             (no amulet)
HPRegen  0.06/turn              (no ring)
MPRegen  0.09/turn              (no ring)

@: lethally poisoned (0 -> -9)
A: fangs 2, magic shield, antimagic bite, no potion heal 3, rot immunity
a: no special abilities


You were on level 3 of the Dungeon.
You were not hungry.

You visited 1 branch of the dungeon, and saw 3 of its levels.

You collected 85 gold pieces.

Inventory:

Hand Weapons
 a - a +0 war axe (weapon)
Missiles
 d - 3 throwing nets (quivered)
Armour
 b - a +0 leather armour
 c - a +0 helmet (worn)
 m - a +0 scale mail
 o - a +0 leather armour of fire resistance (worn)
Jewellery
 p - an uncursed ring of ice
Scrolls
 e - a scroll of amnesia {unknown}
 h - a scroll of immolation {unknown}
 i - a scroll of magic mapping {unknown}
 j - 2 scrolls of remove curse {unknown}
 k - 4 scrolls of identify {unknown}
 n - a scroll of enchant weapon {unknown}
Comestibles
 f - a bread ration
 g - a meat ration


   Skills:
 + Level 1.9 Fighting
 + Level 3.2 Axes
 + Level 2.0 Throwing
 + Level 0.3 Armour
 + Level 2.9 Dodging
 + Level 1.1 Stealth


You had 2 spell levels left.
You didn't know any spells.

Dungeon Overview and Level Annotations

Branches:
Dungeon (3/15)

Altars:
Ashenzari

Annotations:
D:2 Terence


Innate Abilities, Weirdness & Mutations

You have extremely sharp teeth.
When hurt, damage is shared between your health and your magic reserves.
Your bite disrupts and absorbs the magic of your enemies.
Potions cannot restore your health.
You are immune to rotting.


Message History

* * * LOW HITPOINT WARNING * * *
You feel sick. The adder bites you but does no damage. The adder bites you.
* * * LOW HITPOINT WARNING * * *
You are more poisoned.
The adder poisons you!
You aren't carrying any potions.
You slash the adder!
You kill the adder!
* * * LOW HITPOINT WARNING * * *
You feel sick.
* * * LOW HITPOINT WARNING * * *
You feel sick.
You see here an adder corpse.
You butcher the adder corpse.
* * * LOW HITPOINT WARNING * * *
You feel sick.
Things that are here:
a chunk of flesh; an adder skeleton You aren't carrying any potions.
You die...

### ... #.#
#.# #.#.#
###########
#.#..
...........
# #@#.#
######.#.#
#.##.#.#
###.#
#...%#<#
#..
####$#.#
#.#
###.#.###
##..
#.......#
######...
#.#...#.#
#......_.
#.#.....#
#.#.#.... #
#.###.##
#.#.#...#


There were no monsters in sight!

Vanquished Creatures
  2 adders
  A dart slug (D:1)
  2 leopard geckos (D:1)
  4 bats
  A giant cockroach (D:3)
  3 goblins
  4 hobgoblins
  4 kobolds
  A frilled lizard (D:1)
22 creatures vanquished.

Notes
Turn   | Place    | Note
-------+----------+-------------------------------------------
     0 | D:1      | slep the Vine Stalker Gladiator began the quest for the Orb.
     0 | D:1      | Reached XP level 1. HP: 11/11 MP: 2/2
    82 | D:1      | Reached XP level 2. HP: 2/15 MP: 0/3
   101 | D:1      | Reached skill level 3 in Axes
   639 | D:2      | Reached skill level 1 in Stealth
   639 | D:2      | Reached XP level 3. HP: 9/18 MP: 1/4
   724 | D:2      | Noticed Terence
   828 | D:3      | Found a shattered altar of Ashenzari.
   894 | D:3      | Succumbed to an adder's poison

Vault maps used:
D:1:      lightli_arrival_isolated_outpost
D:2:      grunt_gozag_statues, uniq_jessica, uniq_terence
D:3:      nicolae_overflow_crystal_walls, serial_bayou_lake_a, uniq_natasha,
          uniq_ijyb

Skill      XL: |  1  2 |
---------------+-------+-----
Axes           | 3 |  3.2
Throwing       | 2 |  2.0
Stealth        | 1 |  1.1
Fighting       | |  1.9
Armour         | |  0.3
Dodging        | |  2.9

Action                   || total
-------------------------++-------
Melee: War axe           ||    67
       Bite              ||    15
 Stab: Sleeping          ||     3
Armor: Leather armour    ||    25
       Scale mail        ||     3
Dodge: Dodged            ||    47

Table legend:
 A = Spawn XP
 B = Non-spawn XP
 C = Spawn XP percentage of total XP
 D = Spawn monster count
 E = Non-spawn monster count
 F = Spawn count percentage of total count
 G = Total turns spent on level
                    A         B        C        D         E        F      G
               +---------+---------+-------+---------+---------+-------+---------
         Total |       0 |      67 |   0.0 |       0 |      22 |   0.0 |   894
               +---------+---------+-------+---------+---------+-------+---------
           D:1 |       0 |      29 |   0.0 |       0 |      13 |   0.0 |   632
           D:2 |       0 |      22 |   0.0 |       0 |       6 |   0.0 |   125
           D:3 |       0 |      16 |   0.0 |       0 |       3 |   0.0 |   137
               +---------+---------+-------+---------+---------+-------+---------
